 Dungeon Crawl Stone Soup version 0.22.1-6-g1668fe2 (webtiles) character file.

456 systemy the Chopper (level 6, -4/55 HPs)
             Began as a Minotaur Berserker on Jan 19, 2019.
             Was a Priest of Trog.
             Slain by an orc
             ... wielding a +0 flail
              (10 damage)
             ... on level 4 of the Dungeon.
             The game lasted 00:05:10 (3221 turns).

systemy the Chopper (Minotaur Berserker)            Turns: 3221, Time: 00:05:11

Health: -4/55      AC:  5    Str: 23    XL:     6   Next: 77%
Magic:  5/5        EV:  9    Int:  4    God:    Trog [***...]
Gold:   202        SH:  0    Dex: 10    Spells: 5/5 levels left

rFire    . . .     SeeInvis .   a - +0 hand axe
rCold    . . .     Gourm    .   d - +0 shield
rNeg     . . .     Faith    .   q - +0 ring mail
rPois    .         Spirit   .   (helmet restricted)
rElec    .         Reflect  .   (no cloak)
rCorr    .         Harm     .   (no gloves)
MR       .....                  (no boots)
Stlth    ..........             (no amulet)
HPRegen  0.18/turn              (no ring)
MPRegen  0.09/turn              (no ring)

@: confused, berserk cooldown, starving
A: retaliatory headbutt, horns 2
a: Berserk, Trog's Hand, Renounce Religion


You were on level 4 of the Dungeon.
You worshipped Trog.
Trog was most pleased with you.
You were starving.

You visited 1 branch of the dungeon, and saw 4 of its levels.

You collected 202 gold pieces.

Inventory:

Hand Weapons
 a - a +0 hand axe (weapon)
Armour
 b - a +0 animal skin
 d - a +0 shield (worn)
 n - a +0 chain mail
 q - a +0 ring mail (worn)
Scrolls
 e - 2 scrolls of amnesia {unknown}
 f - a scroll of enchant armour {unknown}
 i - 2 scrolls of remove curse {unknown}
 j - a scroll of immolation {unknown}
 k - a scroll of teleportation {unknown}
 l - 2 scrolls of enchant weapon {unknown}
 m - a scroll of fog {unknown}
Potions
 g - a potion of agility {unknown}
 h - 2 potions of brilliance {unknown}
 o - a potion of flight {unknown}
 p - a potion of haste
 r - a potion of curing {unknown}
Comestibles
 c - 7 rations


   Skills:
 + Level 4.9 Fighting
 * Level 7.4 Axes
 + Level 3.3 Armour
 + Level 3.1 Dodging
 + Level 2.3 Shields


You had 5 spell levels left.
You didn't know any spells.
Your spell library was empty.

Dungeon Overview and Level Annotations

Branches:
Dungeon (4/15)
 Temple: D:4-7

Altars:
Fedhas
Gozag
Nemelex Xobeh
Ru


Innate Abilities, Weirdness & Mutations

You reflexively headbutt those who attack you in melee.
You have a pair of horns on your head.


Message History

You hear some strange, mumbled words.
You are confused.
The orc wizard closely misses you. The orc hits you with a flail.
You bump into the stone wall.
You feel yourself speed up. The orc wizard casts a spell at you.
The magic dart hits you!
* * * LOW HITPOINT WARNING * * *
You hear some strange, mumbled words.
A puff of flame appears from out of thin air!
The puff of flame hits you!
* * * LOW HITPOINT WARNING * * *
The orc wizard barely misses you. The orc closely misses you.
Something hits you but does no damage.
You miss the orc wizard.
Your ring mail prevents you from hitting something.
You hit the orc.
The orc wizard casts a spell.
The orc wizard blinks!
The orc hits you with a flail!
You die...

#.# #.# ##'## #.# #.#
#.# #.# #.# ########.#
#.# ###.####........##
#######.#
#.....##.#####...###
......#.#
#.....##.####.....##
#.......#
###...)?.......#...###
#.##..###
#...o§))##.##...#.####
#.##..#
#..o{@).##.##.........
..##..#
#8..8######........####
......# #..o..
########.# #####.#
###.. #.# ......# #..o
#.# ####### ##. #.# .o
#.# # #. #


You could see an orc wizard and 2 orcs.

Vanquished Creatures
  Grinder (D:3)
  A crimson imp (D:4)
  2 orc wizards (D:4)
  A worker ant (D:4)
  3 gnolls (D:3)
  3 adders
  An adder skeleton (D:4)
  2 worms (D:2)
  3 dart slugs (D:2)
  3 leopard geckos
  9 orcs (D:4)
  7 giant cockroaches
  9 hobgoblins
  9 jackals
  2 quokkas
  4 bats
  5 frilled lizards
  10 goblins
  5 kobolds
  9 rats
89 creatures vanquished.

Notes
Turn   | Place    | Note
-------+----------+-------------------------------------------
     0 | D:1      | systemy the Minotaur Berserker began the quest for the Orb.
     0 | D:1      | Reached XP level 1. HP: 19/19 MP: 0/0
   154 | D:1      | Reached XP level 2. HP: 20/27 MP: 1/1
   200 | D:1      | Reached skill level 4 in Axes
   357 | D:1      | Reached ** piety under Trog
   470 | D:1      | Reached XP level 3. HP: 10/33 MP: 2/2
  1150 | D:2      | Reached skill level 1 in Shields
  1235 | D:2      | Reached XP level 4. HP: 39/41 MP: 3/3
  1274 | D:2      | Found a sparkling altar of Nemelex Xobeh.
  1275 | D:2      | Found an opulent altar of Gozag.
  1278 | D:2      | Reached skill level 5 in Axes
  1295 | D:2      | You fall through a shaft!
  1295 | D:3      | Noticed Grinder
  1301 | D:3      | Killed Grinder
  1301 | D:3      | Reached skill level 6 in Axes
  1301 | D:3      | Reached XP level 5. HP: 47/47 MP: 4/4
  1516 | D:2      | Reached XP level 6. HP: 53/53 MP: 5/5
  1519 | D:2      | Found a blossoming altar of Fedhas.
  1881 | D:3      | Found a sacrificial altar of Ru.
  1968 | D:3      | Reached *** piety under Trog
  2889 | D:4      | Reached skill level 7 in Axes
  3221 | D:4      | Slain by an orc

Skill      XL: |  1  2  3  4  5  6 |
---------------+-------------------+-----
Axes           | 4 6 7 |  7.4
Fighting       | 4 |  4.9
Shields        | 1 2 |  2.3
Dodging        | 3 |  3.1
Armour         | 3 |  3.3

Action                   |  1- 3 |  4- 6 || total
-------------------------+-------+-------++-------
Melee: Hand axe          |   115 |   105 ||   220
       Headbutt          |    14 |    16 ||    30
Invok: Berserk           |       |     2 ||     2
 Stab: Sleeping          |     2 |       ||     2
  Eat: Chunk             |     1 |     6 ||     7
Armor: Animal skin       |    24 |     3 ||    27
       Ring mail         |       |    21 ||    21
       Chain mail        |       |    18 ||    18
Dodge: Dodged            |    39 |    53 ||    92
Block: Shield            |    44 |    46 ||    90
